 Seeded DCSS version 0.30.1-11-g7821555f0a (webtiles) character file.

Game seed: 6962973379254283827 (custom seed)

74 Psyclone the Conjurer (level 4, 24/24 HPs)
             Began as a Deep Elf Conjurer on Nov 7, 2023.
             Was an Initiate of Gozag.
             Quit the game on level 1 of the Dungeon.
             The game lasted 00:04:16 (1996 turns).

Psyclone the Conjurer (Deep Elf Conjurer)           Turns: 1996, Time: 00:04:17

Health: 24/24      AC:  3    Str:  4    XL:     4   Next: 10%
Magic:  12/12      EV: 12    Int: 31    God:    Gozag
Gold:   154        SH:  0    Dex: 13    Spells: 8/11 levels left

rFire   . . .        (no weapon)
rCold   . . .        (no shield)
rNeg    . . .        a - +0 robe
rPois   .            (no helmet)
rElec   .            (no cloak)
rCorr   .            l - +0 pair of gloves
SInv    .            (no boots)
Will    .....        (no amulet)
Stlth   ++           d - +6 ring of intelligence
HPRegen 0.24/turn    (no ring)
MPRegen 0.13/turn

%: no passive effects
@: no status effects
A: no striking features
a: Renounce Religion, Potion Petition, Call Merchant, Bribe Branch


You were on level 1 of the Dungeon.
You worshipped Gozag.
Gozag was aware of your devotion.
You visited 1 branch of the dungeon, and saw 2 of its levels.

You collected 1605 gold pieces.
You paid 1451 gold pieces to Gozag.

Inventory:

Armour
 a - a +0 robe (worn)
 l - a +0 pair of gloves (worn)
Jewellery
 d - a +6 ring of intelligence (left hand)
 h - a +6 ring of dexterity
Scrolls
 c - 3 scrolls of identify {unknown}
 e - a scroll of vulnerability {unknown}
 g - 2 scrolls of amnesia {unknown}
 m - a scroll of immolation {unknown}
 n - a scroll of fog {unknown}
 p - a scroll of noise {unknown}
Potions
 b - a potion of magic
 f - 2 potions of heal wounds {unknown}
 i - a potion of invisibility {unknown}
 j - 5 potions of attraction {unknown}
 k - a potion of curing {unknown}
 o - a potion of flight {unknown}


   Skills:
 - Level 2.4 Dodging
 - Level 2.4 Stealth
 + Level 4.2 Spellcasting
 * Level 5.7 Conjurations


You had 8 spell levels left.
You knew the following spells:

 Your Spells              Type           Power      Damage    Failure   Level
a - Magic Dart            Conj           100%       1d8       1%          1
b - Searing Ray           Conj           84%        2d7       1%          2

Your spell library contained the following spells:

 Spells                   Type           Power      Damage    Failure   Level
 Dazzling Flash           Conj/Hex       48%        N/A       5%          3
 Apportation              Tloc           12%        N/A       6%          1
 Scorch                   Fire           12%        2d5       9%          2
 Flame Wave               Conj/Fire      24%        2d8       19%         4
 Fulminant Prism          Conj/Hex       12%        3d9       19%         4
 Iskenderun's Mystic Bla  Conj/Tloc      24%        2d7       19%         4
 Alistair's Intoxication  Tmut/Pois      4%         N/A       86%         5
 Summon Cactus Giant      Summ           3%         N/A       100%        6


Dungeon Overview and Level Annotations

Branches:
Dungeon (2/15) Zot: 10003

Altars:
Gozag

Shops:
D:1 [   D:2 =


Message History

Press: ? - help, Shift-Dir - straight line, f/p - quokka
Aim: a quokka (heavily wounded, 100% to hit)
The magic dart hits the quokka.
You kill the quokka!
You now have 10/12 mp.
Casting: Magic Dart (safe; 1% risk of failure)
Confirm with . or Enter, or press ? or * to list all spells.
You can't see any susceptible monsters within range! (Use Z to cast anyway.) Unknown command.
Casting: Magic Dart (safe; 1% risk of failure)
Confirm with . or Enter, or press ? or * to list all spells.
You can't see any susceptible monsters within range! (Use Z to cast anyway.) Unknown command.
Casting: Magic Dart (safe; 1% risk of failure)
Confirm with . or Enter, or press ? or * to list all spells.
You can't see any susceptible monsters within range! (Use Z to cast anyway.) Unknown command.
Casting: Magic Dart (safe; 1% risk of failure)
Confirm with . or Enter, or press ? or * to list all spells.
You can't see any susceptible monsters within range! (Use Z to cast anyway.) Unknown command.
You now have 1050 gold pieces (gained 3).
Things that are here:
a +0 short sword; 4 stones
There is a stone staircase leading down here.
There is an open door here.
You enter the shallow water.
Moving in this stuff is going to be slow.
Done exploring.
MP restored: 12 [a] 960 gold - Sijuowo's Book Emporium [b] 923 gold - Neanococ's Jewellery Emporium [c] 896 gold - Laplawut's Armour Boutique Fund which merchant?
You no longer have enough gold to petition Gozag for potion effects.
You no longer have enough gold to fund merchants seeking to open stores in the dungeon.
Laplawut invites you to visit their Armour Boutique.
Unknown command.
Unknown command.
Are you sure you want to abandon this character and quit the game? (Confirm with "yes".)

.# #.## #.# #.#.. .# #..#
#.## #.#.. ## ##.# #..##
#.#.. # #.# #...#
########...) #.#
###'####.......)... #.#
####≈♣.♣≈###########..
#####.######.#≈≈♣.♣≈≈#
#..
.............#≈~♣.♣~≈#
#..
.####.########≈♣@..♣~#
#.. ># #.# #♣.....♣# #..
## #.# #>#.#.# #.. #.#
###<######## ####.# #.#
### #...# #..... #.#
##############.###....#
#.#
##.....#.....##.#....###
#.#
##...................##
#.#
#..................######


There were no monsters in sight!

Vanquished Creatures
  2 adders (D:2)
  2 worms (D:2)
  A dart slug (D:2)
  7 ball pythons
  4 bats
  2 endoplasms (D:1)
  2 giant cockroaches (D:2)
  3 goblins
  6 hobgoblins
  5 kobolds
  3 quokkas
  4 frilled lizards (D:2)
  4 rats
45 creatures vanquished.

Notes
Turn   | Place    | Note
-------+----------+-------------------------------------------
     0 | D:1      | Psyclone the Deep Elf Conjurer began the quest for the Orb.
     0 | D:1      | Reached XP level 1. HP: 10/10 MP: 6/6
    67 | D:1      | Reached XP level 2. HP: 15/15 MP: 5/8
   113 | D:1      | Identified a scroll of acquirement
   113 | D:1      | Acquired 1271 gold pieces
   166 | D:2      | Found a faded altar of an unknown god.
   184 | D:2      | Prayed at the altar of an unknown god.
   184 | D:2      | Became a worshipper of Gozag Ym Sagoz the Greedy
   286 | D:2      | Reached skill level 5 in Conjurations
   396 | D:2      | Reached XP level 3. HP: 19/19 MP: 6/10
   684 | D:2      | Learned a level 2 spell: Searing Ray
  1317 | D:2      | Reached XP level 4. HP: 24/24 MP: 9/12
  1996 | D:1      | Quit the game

Illustrated notes

Levels and vault maps discovered:
D:1:      saegor_arrival_simple_d, layout_rooms
D:2:      minmay_skewed_foursquare, layout_basic,
          shapermc_ecumenical_altar_venn, nicolae_half_adder

Skill      XL: |  1  2  3 |
---------------+----------+-----
Conjurations   | 5 |  5.7
Spellcasting   | 4 |  4.2
Dodging        | |  2.4
Stealth        | |  2.4

Action                     |  1- 3 |  4- 6 || total
---------------------------+-------+-------++-------
   Cast: Magic Dart        |    78 |     9 ||    87
 Invoke: Call Merchant     |     1 |     1 ||     2
    Use: Scroll            |     1 |       ||     1
 Armour: Robe              |     1 |       ||     1
  Dodge: Dodged            |     5 |       ||     5
